 Dungeon Crawl Stone Soup version 0.29.1-15-g9cfb28693d (webtiles) character file.

Game seed: 11698979037615752059

424 croobank the Firebug (level 6, 0/46 HPs)
             Began as a Demonspawn Fire Elementalist on Apr 11, 2023.
             Was an Initiate of Hepliaklqana.
             Slain by Edmund
             ... wielding a +1 flail of protection
              (6 damage)
             ... on level 4 of the Dungeon.
             The game lasted 00:09:42 (4460 turns).

croobank the Firebug (Demonspawn Fire Elementalist) Turns: 4460, Time: 00:09:43

Health: 0/46       AC: 13    Str:  8    XL:     6   Next: 64%
Magic:  0/10       EV: 13    Int: 23    God:    Hepliaklqana [......]
Gold:   189        SH:  4    Dex: 17    Spells: 5/11 levels left

rFire   . . .      SeeInvis .   s - +2 whip of the Hungering Gods {protect, Int+4 Dex+4}
rCold   . . .      Faith    .   (no shield)
rNeg    . . .      Spirit   .   a - +0 robe
rPois   .          Reflect  .   (helmet restricted)
rElec   .          Harm     .   (no cloak)
rCorr   .          Rampage  .   (no gloves)
Will    .....                   (no boots)
Stlth   ++........              (no amulet)
HPRegen 0.15/turn               c - +4 ring of protection
MPRegen 0.12/turn               (no ring)

@: under a protective aura, hasted, very quick
A: horns 1, condensation shield
a: Renounce Religion


You were on level 4 of the Dungeon.
You worshipped Hepliaklqana.
Hepliaklqana was noncommittal.
You visited 1 branch of the dungeon, and saw 5 of its levels.

You collected 189 gold pieces.

Inventory:

Hand Weapons
 d - a +0 short sword
 f - a +0 dagger
 q - a +1 flail of protection
 s - the +2 whip of the Hungering Gods (weapon) {protect, Int+4 Dex+4}
   (You found it on level 3 of the Dungeon)

   It grants its wielder temporary protection when it strikes (+7 to AC).
   Int:       It affects your intelligence (+4).
   Dex:       It affects your dexterity (+4).
 t - a +2 short sword of freezing
Armour
 a - a +0 robe (worn)
 k - a +0 leather armour
 o - +0 fire dragon scales
Jewellery
 c - a +4 ring of protection (left hand)
 x - a ring of fire
Wands
 h - a wand of acid (9)
 p - a wand of polymorph (10)
Scrolls
 m - 3 scrolls of torment
Potions
 e - 2 potions of mutation
 g - 4 potions of degeneration {unknown}
 i - a potion of lignification {unknown}
 j - 2 potions of curing {unknown}
 l - a potion of attraction {unknown}
 r - a potion of brilliance {unknown}
 u - a potion of flight {unknown}
 w - a potion of heal wounds {unknown}


   Skills:
 + Level 2.5 Fighting
 + Level 2.9 Dodging
 + Level 3.0 Stealth
 + Level 3.0 Spellcasting
 + Level 2.5 Conjurations
 + Level 1.1 Hexes
 + Level 3.5 Fire Magic
 * Level 2.5 Invocations


You had 5 spell levels left.
You knew the following spells:

 Your Spells              Type           Power      Damage    Failure   Level
a - Foxfire               Conj/Fire      68%        2x1d7     3%          1
b - Scorch                Fire           38%        2d7       4%          2
c - Inner Flame           Hex/Fire       14%        N/A       13%         3

Your spell library contained the following spells:

 Spells                   Type           Power      Damage    Failure   Level
 Conjure Flame            Conj/Fire      17%        6-21      10%         3
 Sting                    Tmut/Pois      12%        1d3       12%         1
 Poisonous Vapours        Pois/Air       6%         N/A       17%         2
 Flame Wave               Conj/Fire      17%        2d7       32%         4
 Corpse Rot               Necr/Pois/Air  3%         N/A       75%         4
 Olgreb's Toxic Radiance  Pois           3%         N/A       75%         4


Dungeon Overview and Level Annotations

Branches:
Dungeon (5/15)
 Temple: D:4-7

Altars:
Hepliaklqana

Annotations:
D:2 1 runed translucent door, Crazy Yiuf
D:4 Edmund


Innate Abilities, Weirdness & Mutations

You have a pair of small horns on your head.
A meltable shield of frost defends you. (SH +4)


Message History

Edmund is almost dead.
Edmund hits you with a +1 flail of protection.
Edmund hits you but does no damage.
You hit Edmund but do no damage. You headbutt Edmund, but do no damage.
Edmund is almost dead.
Edmund closely misses you.
You hit Edmund but do no damage.
Edmund is almost dead.
Edmund hits you with a +1 flail of protection.
You closely miss Edmund.
Edmund is almost dead.
Edmund hits you but does no damage.
You hit Edmund but do no damage.
Edmund is almost dead.
Edmund says, "I'm quite good with sums, too."
Edmund hits you with a +1 flail of protection.
Casting: Scorch (safe; 4% risk of failure)
Confirm with . or Enter, or press ? or * to list all spells.
You don't have enough magic to cast this spell.
You hit Edmund but do no damage.
Edmund is almost dead.
Edmund hits you with a +1 flail of protection!
* * * LOW HITPOINT WARNING * * *
Casting: Scorch (safe; 4% risk of failure)
Confirm with . or Enter, or press ? or * to list all spells.
You don't have enough magic to cast this spell.
Casting: Scorch (safe; 4% risk of failure)
Confirm with . or Enter, or press ? or * to list all spells.
You conjure some foxfire!
Edmund hits you with a +1 flail of protection.
* * * LOW HITPOINT WARNING * * *
Your foxfire dissipates!
As you read the scroll labelled QUASHR WYODYCE, it crumbles to dust.
It is a scroll of identify.
e - 2 potions of mutation The foxfire hits Edmund but does no damage.
Edmund is almost dead.
Edmund says, "I'm quite good with sums, too."
Edmund hits you with a +1 flail of protection.
You die...

#..........#
#####......#
######'####
#... #.#
#.#.##.#
....#§#
#..#§#
#..#§#
#..@@#
#.#### #


You could see Edmund (fast, combustible).

Vanquished Creatures
  Duvessa (D:4)
  Blork the orc (D:4)
  Dowan (D:4)
  A hound (D:4)
  Natasha (D:4)
  A gnoll (D:2)
  5 adders
  6 dart slugs
  12 orcs
  11 endoplasms
  3 giant cockroaches
  5 hobgoblins
  4 jackals (D:3)
  2 quokkas
  7 ball pythons
  2 bats
  4 frilled lizards
  7 goblins
  6 kobolds
  4 rats
84 creatures vanquished.

Vanquished Creatures (others)
  177 foxfires
177 creatures vanquished.

Grand Total: 261 creatures vanquished

Notes
Turn   | Place    | Note
-------+----------+-------------------------------------------
     0 | D:1      | croobank the Demonspawn Fire Elementalist began the quest
                  | for the Orb.
     0 | D:1      | Reached XP level 1. HP: 13/13 MP: 3/3
   228 | D:1      | Gained mutation: You have a pair of small horns on your
                  | head. [demonic ancestry]
   228 | D:1      | Reached XP level 2. HP: 19/19 MP: 3/5
   231 | D:1      | Learned a level 2 spell: Scorch
  1200 | D:2      | Noticed a floating eye
  1212 | D:2      | Gained mutation: A meltable shield of frost defends you.
                  | (SH +4) [demonic ancestry]
  1212 | D:2      | Reached XP level 3. HP: 25/25 MP: 0/6
  1221 | D:2      | Learned a level 3 spell: Inner Flame
  1342 | D:2      | Noticed an eye of devastation
  1345 | D:2      | Found a faded altar of an unknown god.
  1347 | D:2      | Noticed a floating eye
  1365 | D:2      | Noticed a great orb of eyes
  1372 | D:2      | Reached skill level 1 in Fighting
  1682 | D:2      | Reached XP level 4. HP: 32/32 MP: 3/7
  2130 | D:2      | Found a runed translucent door.
  2131 | D:2      | Noticed Crazy Yiuf
  2877 | D:3      | Identified the +2 whip of the Hungering Gods {protect,
                  | Int+4 Dex+4}
  3067 | D:3      | Reached XP level 5. HP: 38/38 MP: 5/8
  3817 | D:4      | Found a hazy altar of Hepliaklqana.
  3822 | D:4      | Became a worshipper of Hepliaklqana the Forgotten
  3884 | D:4      | Noticed Natasha
  3891 | D:4      | Killed Natasha
  3988 | D:4      | Reached skill level 1 in Invocations
  4103 | D:4      | Noticed Duvessa
  4103 | D:4      | Noticed Dowan
  4121 | D:4      | Killed Duvessa
  4122 | D:4      | Reached XP level 6. HP: 30/45 MP: 2/10
  4123 | D:5      | Entered Level 5 of the Dungeon
  4267 | D:4      | Killed Dowan
  4268 | D:4      | Reached skill level 1 in Hexes
  4361 | D:4      | Noticed Blork the orc
  4365 | D:4      | Killed Blork the orc
  4435 | D:4      | Noticed Edmund
  4460 | D:4      | Slain by Edmund

Illustrated notes

Levels and vault maps discovered:
D:1:      minmay_arrival_shoal_huts, layout_basic, chequers_serial_rivers_room_a
D:2:      layout_basic, hellmonk_ecumenical_altar_watching_god,
          uniq_crazy_yiuf_cottage
D:3:      layout_basic, st_stairs_3, hangedman_feature_mirror
D:4:      layout_basic, mainiacjoe_overflow_alcove_1, uniq_blork_the_orc,
          uniq_natasha, uniq_edmund, uniq_duvessa
D:5:      layout_loops_cross, kennysheep_okawaru_gauntlet, uniq_ijyb

Skill      XL: |  1  2  3  4  5  6 |
---------------+-------------------+-----
Dodging        | 2 |  2.9
Stealth        | 2 3 |  3.0
Fire Magic     | 3 |  3.5
Fighting       | 1 2 |  2.5
Conjurations   | 2 |  2.5
Invocations    | 1 2 |  2.5
Hexes          | 1 |  1.1
Spellcasting   | 3 |  3.0

Action                   |  1- 3 |  4- 6 || total
-------------------------+-------+-------++-------
Melee: Unarmed           |     1 |       ||     1
       Short sword       |     1 |     8 ||     9
       Whip              |       |    47 ||    47
       Headbutt          |       |    12 ||    12
 Cast: Foxfire           |    53 |    56 ||   109
       Scorch            |     5 |    35 ||    40
  Use: Scroll            |       |     7 ||     7
       Potion            |       |     2 ||     2
 Stab: Sleeping          |       |     2 ||     2
Armor: Robe              |     2 |    17 ||    19
Dodge: Dodged            |     2 |    35 ||    37
Block: Other             |     1 |    14 ||    15
